 Dungeon Crawl Stone Soup version 0.27.1 (webtiles) character file.

Game seed: 2220277497553300107

25 funkygono the Firebug (level 3, 0/19 HPs)
             Began as a Gargoyle Fire Elementalist on Aug 25, 2021.
             Slain by a gnoll (3 damage)
             ... on level 1 of the Dungeon.
             The game lasted 00:02:54 (998 turns).

funkygono the Firebug (Gargoyle Fire Elementalist)   Turns: 998, Time: 00:02:57

Health: 0/19       AC:  5    Str: 11    XL:     3   Next: 4%
Magic:  5/6        EV: 11    Int: 16    God:
Gold:   27         SH:  0    Dex: 10    Spells: 2/6 levels left

rFire    + . .     SeeInvis .   b - +0 whip
rCold    . . .     Faith    .   (no shield)
rNeg     + . .     Spirit   .   a - +0 robe
rPois    ∞         Reflect  .   (no helmet)
rElec    +         Harm     .   (no cloak)
rCorr    .         Rampage  .   (no gloves)
Will     .....                  (no boots)
Stlth    ++........             (no amulet)
HPRegen  0.06/turn              f - ring of protection from fire
MPRegen  0.10/turn              (no ring)

@: no status effects
A: sickness immunity, AC +3, negative energy resistance 1, electricity
resistance, torment resistance 1, petrification resistance
a: no special abilities


You were on level 1 of the Dungeon.
You visited 1 branch of the dungeon, and saw 1 of its levels.

You collected 27 gold pieces.

Inventory:

Hand Weapons
 b - a +0 whip (weapon)
Missiles
 c - 51 stones
Armour
 a - a +0 robe (worn)
Jewellery
 f - a ring of protection from fire (left hand)
Scrolls
 e - a scroll of blinking {unknown}
 g - a scroll of enchant weapon {unknown}
Potions
 d - 2 potions of degeneration {unknown}
 h - a potion of heal wounds {unknown}


   Skills:
 + Level 1.5 Dodging
 - Level 2.1 Stealth
 * Level 2.3 Spellcasting
 * Level 1.6 Conjurations
 * Level 3.6 Fire Magic


You had 2 spell levels left.
You knew the following spells:

 Your Spells              Type           Power      Damage    Failure   Level
a - Foxfire               Conj/Fire      40%        2x1d6     7%          1
b - Conjure Flame         Conj/Fire      10%        6-21      21%         3

Your spell library contained the following spells:

 Spells                   Type           Power      Damage    Failure   Level
 Inner Flame              Hex/Fire       7%         N/A       28%         3
 Sticky Flame             Conj/Fire      10%        2d3       56%         4
 Fireball                 Conj/Fire      5%         3d5       88%         5


Dungeon Overview and Level Annotations

Branches:
Dungeon (1/15)

Altars:
Ru


Innate Abilities, Weirdness & Mutations

You are immune to sickness and miasma.
Your stone body is resilient. (AC +3)
You are immune to poison.
You resist negative energy. (rN+)
You are resistant to electric shocks. (rElec)
You are resistant to unholy torment.
You are immune to petrification.


Message History

The dart slug is moderately wounded.
The dart slug launches a dart at you. The slug dart hits you.
The foxfire hits the dart slug.
The dart slug is heavily wounded.
The foxfire hits the dart slug.
You kill the dart slug!
You have reached level 3!
Your experience leads to an increase in your attributes!
Increase (S)trength, (I)ntelligence, or (D)exterity?
You feel clever.
Unknown command.
This spell is extremely dangerous to cast!
Memorise Conjure Flame, consuming 3 spell levels and leaving 2?
You start memorising the spell.
You continue memorising. x2
Your magical contamination has completely faded away.
You continue memorising.
You finish memorising.
Spell assigned to 'b'.
Okay, then.
Unknown command.
HP restored.
Found 6 gold pieces.
You now have 21 gold pieces (gained 11).
You now have 27 gold pieces (gained 6).
Found 18 stones.
Found a stone staircase leading down.
c - 51 stones (gained 18)
There is a stone staircase leading down here.
You open the door.
There is an open door here.
You open the door.
The gnoll shouts!
The gnoll hits you from afar with a +0 spear of freezing!
The gnoll freezes you.
Casting: Foxfire (safe; 7% risk of failure)
Confirm with . or Enter, or press ? or * to list all spells.
You conjure some foxfire!
The gnoll hits you from afar with a +0 spear of freezing.
* * * LOW HITPOINT WARNING * * *
The gnoll freezes you.
You die...

# #..# ..................+ # #..#
.#..#.###.#.##..### ...# #..#..
#.#.###.#
.....##.#..##.##.#.###†###
##...... ... ....###.....#######
........ ... #.#.##.......#.....
##....##.#B# ...##.......#....†
##....##.#.#####...+..._...'.....
##....##......gv@..#.......#.....
##....# #.#####.v##.......#.....
......####.###....###.....##.....
.......)............###+###......
##.#.#########.##................
##.#.###...###.##................
##.#...+.......##...####.........
##.#####...##...#...# #.........
##.# #...##...#.#.# #.........


You could see a gnoll (ally target).

Vanquished Creatures
  2 dart slugs (D:1)
  2 ball pythons (D:1)
  An endoplasm (D:1)
  2 giant cockroaches (D:1)
  A hobgoblin (D:1)
  A kobold (D:1)
  A quokka (D:1)
  5 bats (D:1)
  3 frilled lizards (D:1)
  2 rats (D:1)
20 creatures vanquished.

Vanquished Creatures (others)
  52 foxfires (D:1)
52 creatures vanquished.

Grand Total: 72 creatures vanquished

Notes
Turn   | Place    | Note
-------+----------+-------------------------------------------
     0 | D:1      | funkygono the Gargoyle Fire Elementalist began the quest
                  | for the Orb.
     0 | D:1      | Reached XP level 1. HP: 10/10 MP: 3/3
   298 | D:1      | Reached XP level 2. HP: 15/15 MP: 1/5
   847 | D:1      | Found a sacrificial altar of Ru.
   870 | D:1      | Reached XP level 3. HP: 15/19 MP: 2/6
   874 | D:1      | Learned a level 3 spell: Conjure Flame
   998 | D:1      | Slain by a gnoll

Illustrated notes

Levels and vault maps discovered:
D:1:      elethiomel_arrival_infinity_welcomes_careful_drivers, layout_basic,
          kennysheep_flooded_box

Action                   || total
-------------------------++-------
Melee: Whip              ||     4
 Cast: Foxfire           ||    33
Armor: Robe              ||     8
Dodge: Dodged            ||    16
